cohdb
Replays
Latest Replays
All Replays
Popular Replays
Top Player Replays
Match Explorer
How It Works
Community
CoH3 Stats
Reddit
Sign in to upload your games and track your stats! →
Sign in with Steam
Match 42833647
Unlisted
Match 42833647
Overview
Messages
Build Orders
End
Kradschützen Motorcycle Team
Selects Italian Combined Arms Battlegroup
Selects Bersaglieri Squad
Bersaglieri Squad
Bersaglieri Squad
Construct Light Support Kompanie
Bersaglieri Squad
Selects Bersaglieri Bolster
Fire Support Elements
Vehicle Survival Package
Pak 38 Mechanized Group
Flakvierling Half-track
Pak 38 Anti-tank Gun Team
Selects Breda Model 30 Light Machine Guns
Construct Panzerarmee Kommand
Pak 38 Mechanized Group
Emergency Repair Kits
Selects Semovente da 75/18 Assault Gun
Selects Strafing Run
Strafing Run
Strafing Run
Panzer III L Medium Tank
Selects Artillery Cover
Artillery Cover
Flak 36 Anti-tank Gun Team
MrGlaucus
Stick Together
Discoverer
will
BamboneWertherone ITA
Madfox
Capibimbambombolilalone ITA
Kannamix
0
0
Comments
sign in to comment!
No comments posted yet!